[Event "Western Asian Girls Chess-ch 2023"]
[Site "Colombo"]
[Date "2023.12.03"]
[Round "6.1"]
[White "Sultanbek, Zeinep"]
[Black "Rindhiya V"]
[Result "1-0"]
[ECO "D11"]
[WhiteElo "2008"]
[BlackElo "1876"]
[Annotator "NA RC"]
[PlyCount "125"]
[EventDate "2023.11.30"]
[EventCountry "SRI"]
[SourceTitle "playchess.com"]
[Source "ChessBase"]
[SourceQuality "1"]
[TimeControl "5400+30"]

1. d4 Nf6 2. g3 d5 3. Bg2 c6 4. Nf3 Bf5 5. c4 e6 6. Qb3 Qb6 7. Nc3 Nbd7 8. c5 Qxb3 9. axb3 a5 10. b4 b6 11. Bf4 Be7 12. cxb6 Nxb6 13. bxa5 Nc4 14. Ne5 Rxa5 15. O-O Rxa1 16. Rxa1 Nxe5 17. Ra8+ Bd8 18. Bxe5 Rg8 19. b4 Nd7 20. Bc7 Ke7 21. e4 dxe4 22. Nxe4 Bxe4 23. Bxe4 Re8 24. Bxd8+ Rxd8 25. Rxd8 Kxd8 26. Bxc6 Kc7 27. b5 Nf6 28. Kf1 Nd5 29. Ke2 Kb6 30. Be8 f6 31. Kd3 Nc7 32. Bd7 Nxb5 33. Bxe6 Kc6 34. Ke4 Nd6+ 35. Kf4 Nb5 36. Ke3 Kd6 37. Bg8 h6 38. Bc4 Na7 39. Ke4 Nc6 40. Bb5 Ne7 41. g4 g6 42. Be8 Ke6 43. d5+ Nxd5 44. Bxg6 Nc3+ 45. Kf4 Nd5+ 46. Kf3 Ke5 47. Kg3 Nf4 48. Bc2 h5 49. Kh4 hxg4 50. Kxg4 Ne6 51. h4 f5+ 52. Bxf5 Nd4 53. Bd3 Kf6 54. h5 Kg7 55. Bg6 Ne6 56. Kf5 Nd4+ 57. Ke4 Ne6 58. Bf5 Ng5+ 59. Kf4 Kh6 60. Kg4 Nf7 61. Bg6 Ne5+ 62. Kf4 Nc4 63. Ke4 1-0

[Event "Western Asian Girls Chess-ch 2023"]
[Site "Colombo"]
[Date "2023.12.03"]
[Round "6.2"]
[White "Gunawardhana, Devindya Oshini"]
[Black "Bhagyashree Patil"]
[Result "0-1"]
[ECO "C70"]
[WhiteElo "1741"]
[BlackElo "1830"]
[Annotator "NA RC"]
[PlyCount "124"]
[EventDate "2023.11.30"]
[EventCountry "SRI"]
[SourceTitle "playchess.com"]
[Source "ChessBase"]
[SourceQuality "1"]
[TimeControl "5400+30"]

1. e4 e5 2. Nf3 Nc6 3. Bb5 a6 4. Ba4 Bc5 5. O-O d6 6. c3 b5 7. Bc2 Bg4 8. a4 Rb8 9. d3 Nf6 10. h3 Bh5 11. Nbd2 O-O 12. Re1 Bb6 13. Nf1 Bg6 14. Ng3 Re8 15. Qe2 h6 16. Nh2 d5 17. axb5 axb5 18. Qf3 d4 19. Bb3 dxc3 20. bxc3 b4 21. Ba4 Re6 22. Bxc6 Rxc6 23. cxb4 Bd4 24. Rb1 Rcb6 25. Bd2 c5 26. Ne2 Nxe4 27. dxe4 Rf6 28. Nf4 exf4 29. Rbd1 Qb6 30. Ng4 Re6 31. bxc5 Bxc5 32. Bxf4 Rbe8 33. e5 f6 34. Qg3 Kh7 35. Rd7 h5 36. Nh2 fxe5 37. Bc1 Qc6 38. Red1 Bd4 39. R7xd4 exd4 40. Nf3 Rd6 41. Bf4 Rd5 42. Rc1 Rc5 43. Rd1 d3 44. Ne5 Rcxe5 45. Bxe5 Qc2 46. Ra1 d2 47. Ra7 d1=Q+ 48. Kh2 Rg8 49. Qf4 Qf5 50. Qe3 Qdd3 51. Qc5 Qde4 52. f4 Qexf4+ 53. Bxf4 Qxc5 54. Ra2 h4 55. Re2 Qf5 56. g3 Rc8 57. Be5 Rc2 58. Rxc2 Qxc2+ 59. Kg1 Be4 60. Kf1 Bf3 61. gxh4 Qe2+ 62. Kg1 Qg2# 0-1

[Event "Western Asian Girls Chess-ch 2023"]
[Site "Colombo"]
[Date "2023.12.03"]
[Round "6.3"]
[White "Sachi Jain"]
[Black "Pallie, Ehsha Mishela"]
[Result "1/2-1/2"]
[ECO "B93"]
[WhiteElo "1743"]
[BlackElo "1569"]
[Annotator "NA RC"]
[PlyCount "110"]
[EventDate "2023.11.30"]
[EventCountry "SRI"]
[SourceTitle "playchess.com"]
[Source "ChessBase"]
[SourceQuality "1"]
[TimeControl "5400+30"]

1. e4 c5 2. Nf3 d6 3. d4 cxd4 4. Nxd4 Nf6 5. Nc3 a6 6. f4 Qc7 7. Nf3 g6 8. Bd3 Bg7 9. O-O Nbd7 10. Kh1 b5 11. e5 dxe5 12. Nxe5 Nxe5 13. fxe5 Qxe5 14. Qf3 Ra7 15. Bf4 Qe6 16. Rfe1 Qd7 17. Rad1 Bb7 18. Qe2 O-O 19. Bxb5 Qg4 20. Be3 Raa8 21. Ba4 Qxe2 22. Rxe2 e6 23. Bb3 Rfd8 24. Rf1 Nd5 25. Nxd5 Bxd5 26. c4 Bc6 27. Ref2 f5 28. Bb6 Rd7 29. c5 Re8 30. Re1 Kf8 31. Bc4 Bb5 32. Bxb5 axb5 33. c6 Rd5 34. Rc2 Kf7 35. b3 Bd4 36. Bxd4 Rxd4 37. Kg1 Rc8 38. Re5 Rd5 39. Rxd5 exd5 40. Rc5 Ke6 41. Rxb5 Rxc6 42. Rb7 h5 43. a4 d4 44. a5 Kd5 45. Rb5+ Ke4 46. Rb6 Rc1+ 47. Kf2 Rc2+ 48. Kf1 d3 49. a6 Rc1+ 50. Kf2 d2 51. a7 Ra1 52. Rd6 Rxa7 53. Rxd2 Rb7 54. Re2+ Kd5 55. Re3 Rb6 1/2-1/2

[Event "Western Asian Girls Chess-ch 2023"]
[Site "Colombo"]
[Date "2023.12.03"]
[Round "6.4"]
[White "Sasvatha A"]
[Black "Shohradova, Lala"]
[Result "0-1"]
[ECO "D13"]
[WhiteElo "1568"]
[BlackElo "1846"]
[Annotator "NA RC"]
[PlyCount "96"]
[EventDate "2023.11.30"]
[EventCountry "SRI"]
[SourceTitle "playchess.com"]
[Source "ChessBase"]
[SourceQuality "1"]
[TimeControl "5400+30"]

1. d4 Nf6 2. Nf3 c5 3. c3 d5 4. Bf4 cxd4 5. cxd4 Qb6 6. Qb3 Qxb3 7. axb3 Nc6 8. e3 e6 9. Nc3 Bb4 10. Bd3 Bd7 11. O-O Nh5 12. Bc7 Rc8 13. Nb5 Ke7 14. Bg3 a6 15. Na3 Nxg3 16. hxg3 f5 17. Nc2 Bd6 18. Rfd1 Kf6 19. b4 Na7 20. Nd2 Bb5 21. Bxb5 Rxc2 22. Bd3 Rxb2 23. b5 Nxb5 24. Rab1 Rb4 25. Bxb5 axb5 26. Rxb4 Bxb4 27. Nf3 Bc3 28. Rb1 b4 29. Ne5 Ra8 30. Nd3 Ra4 31. Nc5 Ra3 32. Nxb7 e5 33. Nd6 exd4 34. exd4 Ra1 35. Rxa1 Bxa1 36. Nb5 b3 37. Kf1 Bxd4 38. Ke2 Bc5 39. f3 b2 40. Nc3 Bd4 41. Nb1 Kg5 42. Kd3 Bf6 43. Kc2 f4 44. gxf4+ Kxf4 45. Nd2 Kg3 46. Nf1+ Kxg2 47. Ne3+ Kxf3 48. Nxd5 h5 0-1

[Event "Western Asian Girls Chess-ch 2023"]
[Site "Colombo"]
[Date "2023.12.03"]
[Round "6.5"]
[White "Sagar Siya"]
[Black "Sanudula, K M Dahamdi"]
[Result "1/2-1/2"]
[ECO "B01"]
[WhiteElo "1537"]
[BlackElo "1709"]
[Annotator "NA RC"]
[PlyCount "68"]
[EventDate "2023.11.30"]
[EventCountry "SRI"]
[SourceTitle "playchess.com"]
[Source "ChessBase"]
[SourceQuality "1"]
[TimeControl "5400+30"]

1. e4 d5 2. exd5 Qxd5 3. Nc3 Qa5 4. d4 Nf6 5. Nf3 Bf5 6. Bd2 e6 7. Bc4 c6 8. Nd5 Qd8 9. Nxf6+ gxf6 10. c3 Rg8 11. Nh4 Bg4 12. f3 f5 13. g3 Bh5 14. Qe2 Be7 15. Ng2 Qb6 16. O-O-O Nd7 17. Nf4 Bg6 18. Nxe6 fxe6 19. Qxe6 Rg7 20. Bh6 Bf7 21. Qxf5 Bxc4 22. Bxg7 O-O-O 23. Rhe1 Bd6 24. Be5 Qa5 25. Qxh7 Bf8 26. f4 Bxa2 27. Qc2 Qd5 28. Qe4 Qf7 29. Rd2 Nb6 30. g4 Be6 31. h3 Bd5 32. Qf5+ Qxf5 33. gxf5 Bh6 34. Rf2 Rf8 1/2-1/2

[Event "Western Asian Girls Chess-ch 2023"]
[Site "Colombo"]
[Date "2023.12.03"]
[Round "6.6"]
[White "Rathnayake, R M Dulinma Hemalni"]
[Black "Gamage, Desandhi Dhihansa"]
[Result "0-1"]
[ECO "B90"]
[WhiteElo "1532"]
[BlackElo "1608"]
[Annotator "NA RC"]
[PlyCount "68"]
[EventDate "2023.11.30"]
[EventCountry "SRI"]
[SourceTitle "playchess.com"]
[Source "ChessBase"]
[SourceQuality "1"]
[TimeControl "5400+30"]

1. e4 c5 2. Nf3 d6 3. d4 cxd4 4. Nxd4 Nf6 5. Nc3 a6 6. Be3 e5 7. Nb3 Be6 8. f3 h5 9. Qd2 Nbd7 10. Nd5 Bxd5 11. exd5 g6 12. O-O-O Bg7 13. Kb1 Rc8 14. Be2 b5 15. Na5 Nb6 16. Nc6 Qc7 17. Nb4 Qb7 18. h3 Nc4 19. Bxc4 bxc4 20. Nc6 O-O 21. Qb4 Qd7 22. Qxc4 Nxd5 23. Qxd5 Rxc6 24. g4 h4 25. Rh2 Rb8 26. Rd3 Rb5 27. Qe4 d5 28. Qa4 Qc7 29. Rb3 d4 30. Bg1 Rbc5 31. Rb4 e4 32. Qb3 Qg3 33. Rb8+ Kh7 34. Rh1 Qe1# 0-1

[Event "Western Asian Girls Chess-ch 2023"]
[Site "Colombo"]
[Date "2023.12.03"]
[Round "6.7"]
[White "Gunasekara, K P K Hesara"]
[Black "Ahmed, Walijah"]
[Result "1-0"]
[ECO "B42"]
[WhiteElo "1352"]
[BlackElo "1858"]
[Annotator "NA RC"]
[PlyCount "147"]
[EventDate "2023.11.30"]
[EventCountry "SRI"]
[SourceTitle "playchess.com"]
[Source "ChessBase"]
[SourceQuality "1"]
[TimeControl "5400+30"]

1. e4 c5 2. Nf3 e6 3. d4 cxd4 4. Nxd4 a6 5. Bd3 Nc6 6. Nxc6 bxc6 7. O-O d5 8. c4 Nf6 9. Qa4 Bd7 10. e5 Ng4 11. cxd5 Nxe5 12. dxe6 Bxe6 13. Be4 Rc8 14. Bf4 Bd6 15. Rd1 Qc7 16. Nc3 O-O 17. Ne2 Rfd8 18. Qc2 h6 19. Rac1 a5 20. Bg3 Bxa2 21. b3 Ba3 22. Ra1 Rxd1+ 23. Rxd1 Rd8 24. Rxd8+ Qxd8 25. Bxe5 Qe7 26. Qxa2 Qxe5 27. Qxa3 Qxe4 28. Qb2 c5 29. h3 c4 30. bxc4 Qxc4 31. Nc3 Qd4 32. Qb3 Qd2 33. g3 Qe1+ 34. Kg2 Qe5 35. Qc4 g6 36. Na4 Qe8 37. Kf3 Qe1 38. Qc8+ Kh7 39. Qd7 Kg7 40. Qd4+ Kh7 41. Qc4 Kg8 42. Kg2 Qe5 43. Nb6 Qd6 44. Qb5 Qd2 45. Nc4 Qd3 46. Qe8+ Kg7 47. Qe5+ Kg8 48. Nxa5 Qa6 49. Qd5 h5 50. Nc4 Qf6 51. Nd6 Qe7 52. Ne4 Kh7 53. Kf3 Qa7 54. Nd6 Kg8 55. Ne4 Kh7 56. Qe5 Qa3+ 57. Kg2 Qa8 58. Kh2 Qa2 59. Nf6+ Kh6 60. Kg2 Qa8+ 61. Kg1 Qf8 62. g4 hxg4 63. hxg4 g5 64. Nh5 Qg8 65. Qf6+ Kh7 66. Ng3 Qg6 67. Qxg6+ Kxg6 68. Kg2 Kf6 69. Kf3 Ke5 70. Ke3 f6 71. f3 Kd5 72. f4 gxf4+ 73. Kxf4 Ke6 74. Nh5 1-0

[Event "Western Asian Girls Chess-ch 2023"]
[Site "Colombo"]
[Date "2023.12.03"]
[Round "6.8"]
[White "Agajanova, Meryem"]
[Black "Alwis, H Sandithi Kusalya"]
[Result "1/2-1/2"]
[ECO "E04"]
[WhiteElo "1854"]
[BlackElo "1364"]
[Annotator "NA RC"]
[PlyCount "110"]
[EventDate "2023.11.30"]
[EventCountry "SRI"]
[SourceTitle "playchess.com"]
[Source "ChessBase"]
[SourceQuality "1"]
[TimeControl "5400+30"]

1. d4 d5 2. c4 c6 3. Nf3 Nf6 4. g3 e6 5. Bg2 dxc4 6. O-O Nbd7 7. Qc2 Bd6 8. Qxc4 e5 9. Rd1 Qe7 10. Nc3 O-O 11. Bg5 h6 12. Bxf6 Nxf6 13. dxe5 Bxe5 14. Nxe5 Qxe5 15. Rd2 Be6 16. Qb4 Qc7 17. Rad1 a5 18. Qd6 Rac8 19. b3 b5 20. Qxc7 Rxc7 21. e4 b4 22. Na4 c5 23. e5 Ng4 24. Re1 h5 25. Nb2 Rfc8 26. h3 Nh6 27. Rc1 Nf5 28. Be4 Nd4 29. Kg2 g6 30. Na4 Kg7 31. f4 Nxb3 32. axb3 Bxb3 33. Nb6 Rb8 34. Nd5 Bxd5 35. Rxd5 b3 36. Rdxc5 Rxc5 37. Rxc5 b2 38. Rxa5 b1=Q 39. Bxb1 Rxb1 40. Ra3 Rb4 41. Kf3 Rc4 42. g4 hxg4+ 43. Kxg4 Rc1 44. f5 gxf5+ 45. Kxf5 Rf1+ 46. Kg4 Kg6 47. Ra6+ Kg7 48. h4 Rg1+ 49. Kh5 Re1 50. Ra5 Rg1 51. Ra4 Re1 52. Rg4+ Kh7 53. Rg5 Re4 54. Rf5 Kg7 55. Kg5 Rxe5 1/2-1/2

[Event "Western Asian Girls Chess-ch 2023"]
[Site "Colombo"]
[Date "2023.12.03"]
[Round "7.1"]
[White "Bhagyashree Patil"]
[Black "Sultanbek, Zeinep"]
[Result "1/2-1/2"]
[ECO "E70"]
[WhiteElo "1830"]
[BlackElo "2008"]
[Annotator "NA"]
[PlyCount "23"]
[EventDate "2023.11.30"]
[EventCountry "SRI"]
[SourceTitle "playchess.com"]
[Source "ChessBase"]
[SourceQuality "1"]
[TimeControl "5400+30"]

1. d4 Nf6 2. Nf3 g6 3. c4 Bg7 4. Nc3 O-O 5. e4 c6 6. d5 cxd5 7. exd5 Re8 8. Be2 Rf8 9. Bf1 Re8 10. Be2 Rf8 11. Bf1 Re8 12. Ng1 1/2-1/2

[Event "Western Asian Girls Chess-ch 2023"]
[Site "Colombo"]
[Date "2023.12.03"]
[Round "7.2"]
[White "Rindhiya V"]
[Black "Shohradova, Lala"]
[Result "1-0"]
[ECO "C14"]
[WhiteElo "1876"]
[BlackElo "1846"]
[Annotator "NA"]
[PlyCount "171"]
[EventDate "2023.11.30"]
[EventCountry "SRI"]
[SourceTitle "playchess.com"]
[Source "ChessBase"]
[SourceQuality "1"]
[TimeControl "5400+30"]

1. e4 e6 2. d4 d5 3. Nc3 Nf6 4. Bg5 Be7 5. e5 Nfd7 6. Bxe7 Qxe7 7. f4 a6 8. Nf3 c5 9. Qd2 Nc6 10. dxc5 Nxc5 11. Bd3 f5 12. exf6 Qxf6 13. O-O O-O 14. Ne5 Bd7 15. Nxd7 Nxd7 16. Kh1 Rae8 17. f5 Nb6 18. Rae1 Nc4 19. Bxc4 dxc4 20. Qe2 Nd4 21. Qxc4 Nxf5 22. Qe4 Qh6 23. Kg1 Rf7 24. Qd3 Ref8 25. Ne4 Qh5 26. h3 Qh4 27. Nc5 Nd4 28. Ne4 Nc6 29. Ng3 e5 30. Rxf7 Rxf7 31. Rd1 Nd4 32. Kh1 g6 33. c3 Ne6 34. Qd5 Nf4 35. Qd8+ Qxd8 36. Rd3 Qd7 37. Rxd7 Kg7 38. Rd8 h5 39. Ne4 Ne2 40. g3 Nc1 41. Rd1 Nxa2 42. Ra1 Rf3 43. Rxa2 Re3 44. Nd6 Rxg3 45. Kh2 Rd3 46. Nxb7 e4 47. Nc5 Rd2+ 48. Kg3 e3 49. Nxa6 Rf2 50. Nb4 h4+ 51. Kg4 e2 52. Nd3 Rf1 53. Ra7+ Kf8 54. Ra8+ Kf7 55. Ra7+ Ke8 56. Ra5 Kf7 57. Re5 Rd1 58. Rxe2 Rxd3 59. Kxh4 Kf6 60. Kg4 g5 61. Rf2+ Ke6 62. Rf3 Rd2 63. b4 Rd5 64. Kh5 Re5 65. Kg6 Rd5 66. Re3+ Kd7 67. Re4 Kc6 68. Re3 Kb5 69. Rg3 Kb6 70. Rxg5 Rd3 71. h4 Rxc3 72. h5 Rc6+ 73. Kh7 Rc7+ 74. Kh6 Rc4 75. b5 Rd4 76. Rf5 Rg4 77. Kh7 Rg1 78. h6 Rg2 79. Kh8 Ka5 80. h7 Rg1 81. Rf7 Kxb5 82. Rg7 Ra1 83. Kg8 Ra8+ 84. Kf7 Ra7+ 85. Kg6 Ra6+ 86. Kg5 1-0

[Event "Western Asian Girls Chess-ch 2023"]
[Site "Colombo"]
[Date "2023.12.03"]
[Round "7.3"]
[White "Gamage, Desandhi Dhihansa"]
[Black "Sachi Jain"]
[Result "0-1"]
[ECO "C54"]
[WhiteElo "1608"]
[BlackElo "1743"]
[Annotator "NA"]
[PlyCount "90"]
[EventDate "2023.11.30"]
[EventCountry "SRI"]
[SourceTitle "playchess.com"]
[Source "ChessBase"]
[SourceQuality "1"]
[TimeControl "5400+30"]

1. e4 e5 2. Nf3 Nc6 3. Bc4 Bc5 4. c3 Nf6 5. d3 d6 6. Bb3 a6 7. h3 Ba7 8. Nbd2 Ne7 9. Nf1 Ng6 10. Ng3 O-O 11. O-O h6 12. Re1 Re8 13. d4 c5 14. Be3 b5 15. Bc2 Qc7 16. Qd2 Bb7 17. dxe5 dxe5 18. Qc1 c4 19. Nf5 Bxe3 20. Qxe3 Rad8 21. g3 Bc8 22. g4 Nf4 23. Kh2 Nh7 24. Rg1 g6 25. Nxh6+ Kg7 26. g5 Nxh3 27. Rg3 N3xg5 28. Nxg5 Nxg5 29. Qxg5 Rh8 30. Rf3 Rxh6+ 31. Kg2 Re8 32. Qf6+ Kg8 33. a4 Re6 34. Qg5 Rh5 35. Qg3 Rb6 36. b4 Qe7 37. Kf1 Rh1+ 38. Kg2 Rxa1 39. Re3 bxa4 40. f4 exf4 41. Qxf4 Qf6 42. Qc7 Qf1+ 43. Kg3 Qh3+ 44. Kf2 Rf1+ 45. Ke2 Qg2# 0-1

[Event "Western Asian Girls Chess-ch 2023"]
[Site "Colombo"]
[Date "2023.12.03"]
[Round "7.4"]
[White "Pallie, Ehsha Mishela"]
[Black "Gunawardhana, Devindya Oshini"]
[Result "1/2-1/2"]
[ECO "C84"]
[WhiteElo "1569"]
[BlackElo "1741"]
[Annotator "NA"]
[PlyCount "111"]
[EventDate "2023.11.30"]
[EventCountry "SRI"]
[SourceTitle "playchess.com"]
[Source "ChessBase"]
[SourceQuality "1"]
[TimeControl "5400+30"]

1. e4 e5 2. Nf3 Nc6 3. Bb5 a6 4. Ba4 Nf6 5. O-O b5 6. Bb3 Bb7 7. d3 Be7 8. Nc3 O-O 9. a4 Na5 10. Ba2 b4 11. Ne2 b3 12. cxb3 d5 13. exd5 Nxd5 14. Nxe5 Nb4 15. d4 Nxa2 16. Rxa2 Bd5 17. Nc4 Nxc4 18. bxc4 Bxc4 19. b3 Bxe2 20. Rxe2 Bf6 21. Ba3 Re8 22. Rxe8+ Qxe8 23. Bc5 Rd8 24. Re1 Qd7 25. Qe2 a5 26. Qa6 Qd5 27. Qc4 Qd7 28. Qb5 Qxb5 29. axb5 h6 30. b6 cxb6 31. Bxb6 Rb8 32. Bxa5 Rxb3 33. g3 Bxd4 34. Re2 Rb5 35. Bc7 g5 36. Kg2 Kg7 37. Re4 Ba7 38. Be5+ Kg6 39. Bc3 Rb3 40. Rc4 Rb6 41. Bd4 Ra6 42. Bxa7 Rxa7 43. h4 Ra6 44. hxg5 hxg5 45. g4 Ra3 46. Rc6+ f6 47. f3 Ra2+ 48. Kg3 Ra4 49. Rb6 Kf7 50. Rc6 Ra1 51. Rb6 Rg1+ 52. Kf2 Ra1 53. Kg3 Re1 54. Kf2 Re5 55. Kg3 Re3 56. Kf2 1/2-1/2

[Event "Western Asian Girls Chess-ch 2023"]
[Site "Colombo"]
[Date "2023.12.03"]
[Round "7.5"]
[White "Sanudula, K M Dahamdi"]
[Black "Gunasekara, K P K Hesara"]
[Result "1/2-1/2"]
[ECO "D00"]
[WhiteElo "1709"]
[BlackElo "1352"]
[Annotator "NA"]
[PlyCount "55"]
[EventDate "2023.11.30"]
[EventCountry "SRI"]
[SourceTitle "playchess.com"]
[Source "ChessBase"]
[SourceQuality "1"]
[TimeControl "5400+30"]

1. d4 d5 2. e3 Nf6 3. Bd3 c5 4. c3 Nc6 5. f4 Bg4 6. Nf3 c4 7. Bc2 Qc8 8. Nbd2 Bf5 9. b3 b5 10. Bxf5 Qxf5 11. a4 b4 12. bxc4 bxc3 13. Nb3 dxc4 14. Nc5 Nb4 15. O-O e6 16. a5 c2 17. Qe1 Bxc5 18. dxc5 Qxc5 19. Ba3 Nfd5 20. Nd4 Rc8 21. Qg3 O-O 22. Nxc2 Rb8 23. f5 exf5 24. Rxf5 Qc8 25. Rf2 Re8 26. Nd4 Rxe3 27. Qg5 f6 28. Qh4 1/2-1/2

[Event "Western Asian Girls Chess-ch 2023"]
[Site "Colombo"]
[Date "2023.12.03"]
[Round "7.6"]
[White "Bayrambayeva, Ogulsuray"]
[Black "Sagar Siya"]
[Result "1-0"]
[ECO "D79"]
[WhiteElo "1909"]
[BlackElo "1537"]
[Annotator "NA"]
[PlyCount "125"]
[EventDate "2023.11.30"]
[EventCountry "SRI"]
[SourceTitle "playchess.com"]
[Source "ChessBase"]
[SourceQuality "1"]
[TimeControl "5400+30"]

1. d4 Nf6 2. c4 g6 3. Nf3 Bg7 4. g3 c6 5. Bg2 d5 6. cxd5 cxd5 7. O-O O-O 8. Nc3 Nc6 9. Bf4 Nh5 10. Bg5 h6 11. Be3 Be6 12. Qd2 Kh7 13. h3 Qd7 14. g4 Nf6 15. Rad1 Rac8 16. Ne5 Qd8 17. f4 Qc7 18. Rc1 Rcd8 19. b4 Qb6 20. Nxc6 bxc6 21. Na4 Qb5 22. Nc5 Bc8 23. a4 Qb6 24. Rfd1 Ne8 25. Bf2 Nd6 26. e4 e6 27. e5 Nb7 28. a5 Qc7 29. Na6 Qe7 30. Rxc6 Qe8 31. Rdc1 Bd7 32. Rc7 Bb5 33. Bf1 Bxf1 34. Kxf1 Rd7 35. Rxd7 Qxd7 36. Rc7 Qb5+ 37. Qe2 Qxe2+ 38. Kxe2 Nd8 39. Rxa7 f6 40. exf6 Rxf6 41. Be3 Kg8 42. Ra8 Rf8 43. b5 Nb7 44. Rxf8+ Kxf8 45. Nc5 Nxa5 46. Nxe6+ Kf7 47. Nxg7 Kxg7 48. Kd3 Kf6 49. Kc3 Nc4 50. Bf2 Ke6 51. Kb4 Kd6 52. Bg3 Kd7 53. Kc5 Nd6 54. Be1 Ne4+ 55. Kxd5 Nf6+ 56. Ke5 Ne8 57. Bb4 Kc7 58. Bc5 Kd7 59. f5 gxf5 60. gxf5 Nc7 61. f6 Ke8 62. b6 Na6 63. Ke6 1-0

[Event "Western Asian Girls Chess-ch 2023"]
[Site "Colombo"]
[Date "2023.12.03"]
[Round "7.7"]
[White "Newansa, M Esandi"]
[Black "Agajanova, Meryem"]
[Result "1-0"]
[ECO "D02"]
[WhiteElo "1531"]
[BlackElo "1854"]
[Annotator "NA"]
[PlyCount "73"]
[EventDate "2023.11.30"]
[EventCountry "SRI"]
[SourceTitle "playchess.com"]
[Source "ChessBase"]
[SourceQuality "1"]
[TimeControl "5400+30"]

1. d4 d5 2. Bf4 Nf6 3. e3 e6 4. Nd2 Bd6 5. Ngf3 c5 6. c3 Qc7 7. Bxd6 Qxd6 8. Ne5 Nbd7 9. f4 c4 10. a4 b6 11. Qf3 Rb8 12. g4 O-O 13. Qh3 a6 14. Be2 b5 15. axb5 axb5 16. O-O b4 17. Ra2 Nb6 18. Bd1 b3 19. Ra3 Bd7 20. g5 Ne4 21. Nxe4 dxe4 22. Be2 Bb5 23. Ra5 Qd5 24. Bg4 f5 25. gxf6 Rxf6 26. Bxe6+ Qxe6 27. Qxe6+ Rxe6 28. Rxb5 Ra8 29. Rf2 Ra4 30. Rc5 h5 31. Kg2 Kf8 32. Kh3 h4 33. Rg2 Ra1 34. Rc7 Re1 35. Rgxg7 Rxe3+ 36. Kxh4 Re2 37. Rcf7+ 1-0

[Event "Western Asian Girls Chess-ch 2023"]
[Site "Colombo"]
[Date "2023.12.03"]
[Round "7.8"]
[White "Ramanayake, Nemindi Linaya"]
[Black "Sasvatha A"]
[Result "0-1"]
[ECO "D00"]
[WhiteElo "1361"]
[BlackElo "1568"]
[Annotator "NA"]
[PlyCount "124"]
[EventDate "2023.11.30"]
[EventCountry "SRI"]
[SourceTitle "playchess.com"]
[Source "ChessBase"]
[SourceQuality "1"]
[TimeControl "5400+30"]

1. d4 Nf6 2. Bf4 d5 3. e3 c5 4. c3 Nc6 5. Nd2 Bf5 6. Ngf3 Qb6 7. Nh4 Bd7 8. Qb3 c4 9. Qc2 h6 10. Nhf3 Bg4 11. b3 cxb3 12. axb3 e6 13. h3 Bf5 14. Bd3 Bxd3 15. Qxd3 Be7 16. O-O O-O 17. b4 Rfc8 18. Ne5 Nxe5 19. Bxe5 Nd7 20. Bg3 a5 21. bxa5 Rxa5 22. Rfb1 Rxa1 23. Rxa1 Qc6 24. Rb1 b6 25. Rb3 Qa4 26. Kh2 Qc6 27. Kg1 Qa4 28. Kh2 h5 29. h4 Qc6 30. e4 Nf6 31. e5 Ng4+ 32. Kg1 Ra8 33. f3 Ra1+ 34. Rb1 Rxb1+ 35. Nxb1 Nh6 36. Be1 Nf5 37. g3 Qa4 38. Bf2 Qb3 39. Kf1 b5 40. Ke2 Qb2+ 41. Kf1 b4 42. cxb4 Bxb4 43. Kg1 Qc1+ 44. Kg2 Be1 45. Qf1 Qxb1 46. Qxe1 Qxe1 47. Bxe1 Nxd4 48. Bb4 Kh7 49. g4 Nc6 50. Bd6 Kh6 51. Kf2 Na5 52. Bc5 Kg6 53. Ke2 Nc4 54. Bd4 Kh6 55. Kd3 g5 56. hxg5+ Kxg5 57. gxh5 Kxh5 58. f4 Kg4 59. Bg1 Kxf4 60. Bh2+ Kf3 61. Kd4 Ne3 62. Bg1 Ng4 0-1

[Event "Western Asian Girls Chess-ch 2023"]
[Site "Colombo"]
[Date "2023.12.04"]
[Round "8.1"]
[White "Sultanbek, Zeinep"]
[Black "Sachi Jain"]
[Result "1/2-1/2"]
[ECO "D02"]
[WhiteElo "2008"]
[BlackElo "1743"]
[Annotator "NA RC"]
[PlyCount "124"]
[EventDate "2023.11.30"]
[EventCountry "SRI"]
[SourceTitle "playchess.com"]
[Source "ChessBase"]
[SourceQuality "1"]
[TimeControl "5400+30"]

1. Nf3 d5 2. g3 e6 3. Bg2 Bd6 4. O-O Nf6 5. c4 O-O 6. d4 b6 7. Nc3 Bb7 8. e4 Nxe4 9. Nxe4 dxe4 10. Ng5 Be7 11. Nxe4 Qc8 12. Qe2 Nd7 13. Rd1 Nf6 14. Bg5 Bxe4 15. Bxe4 Nxe4 16. Bxe7 Re8 17. Qxe4 Rxe7 18. d5 Qb7 19. Re1 Rae8 20. Rad1 h6 21. dxe6 Qxe4 22. Rxe4 Rxe6 23. Rxe6 Rxe6 24. Rd8+ Kh7 25. Rd7 Rc6 26. b3 Kg6 27. Kf1 Kf6 28. Ke2 Ke6 29. Rd4 a5 30. h4 Rc5 31. Re4+ Kd6 32. Rg4 g6 33. Rd4+ Ke6 34. Re4+ Kd6 35. Ke3 h5 36. f3 Re5 37. Kd4 Rxe4+ 38. Kxe4 Kc5 39. Ke5 a4 40. Kf6 axb3 41. axb3 Kb4 42. Kxf7 Kxb3 43. Kxg6 Kxc4 44. f4 b5 45. f5 b4 46. f6 b3 47. f7 b2 48. f8=Q b1=Q+ 49. Kxh5 c5 50. Qf7+ Kc3 51. g4 Qd1 52. Kg5 c4 53. h5 Kb4 54. Qe7+ Kb3 55. Qe6 Kb4 56. Qb6+ Ka3 57. Qc5+ Kb3 58. Qb5+ Kc3 59. h6 Qd2+ 60. Kg6 Qd6+ 61. Kg7 Qe7+ 62. Kg8 Qe6+ 1/2-1/2

[Event "Western Asian Girls Chess-ch 2023"]
[Site "Colombo"]
[Date "2023.12.04"]
[Round "8.2"]
[White "Rindhiya V"]
[Black "Bhagyashree Patil"]
[Result "1-0"]
[ECO "C97"]
[WhiteElo "1876"]
[BlackElo "1830"]
[Annotator "NA RC"]
[PlyCount "159"]
[EventDate "2023.11.30"]
[EventCountry "SRI"]
[SourceTitle "playchess.com"]
[Source "ChessBase"]
[SourceQuality "1"]
[TimeControl "5400+30"]

1. e4 e5 2. Nf3 Nc6 3. Bb5 a6 4. Ba4 Nf6 5. O-O Be7 6. Re1 b5 7. Bb3 d6 8. c3 O-O 9. h3 Na5 10. Bc2 c5 11. d4 Qc7 12. d5 Nc4 13. b3 Nb6 14. Nbd2 Ne8 15. g4 h5 16. Nh2 hxg4 17. hxg4 g6 18. Ndf1 Ng7 19. Ng3 f6 20. Be3 Kf7 21. f4 exf4 22. Bxf4 Nd7 23. Rf1 Ke8 24. e5 g5 25. exd6 Bxd6 26. Bxd6 Qxd6 27. Ne4 Qb6 28. Qe2 Kd8 29. c4 Ne8 30. Rae1 Rh8 31. Nxf6 Nexf6 32. Qe7+ Kc7 33. Re6 Re8 34. Rfxf6 Rxe7 35. Rxb6 Nxf6 36. Rxf6 Re1+ 37. Kf2 Rc1 38. Be4 Ra7 39. d6+ Kb8 40. Rf8 Rd7 41. Bf5 Kb7 42. Nf3 bxc4 43. Rxc8 cxb3 44. axb3 Rxd6 45. Nxg5 Rd2+ 46. Ke3 Rb2 47. Ne4 Re1+ 48. Kd3 Rxb3+ 49. Kc2 Rbb1 50. Nxc5+ Kb6 51. Rb8+ Kxc5 52. Rxb1 Re3 53. Rg1 Re5 54. Bd3 Rg5 55. Bxa6 Kd4 56. Kd2 Ke4 57. Bc8 Rd5+ 58. Ke2 Rc5 59. Bf5+ Kf4 60. Rf1+ Kg5 61. Kf2 Rc3 62. Kg2 Kh4 63. Rh1+ Kg5 64. Rh3 Rc1 65. Rf3 Kh4 66. Kf2 Ra1 67. Rd3 Kg5 68. Kf3 Rf1+ 69. Ke4 Re1+ 70. Re3 Ra1 71. Ke5 Ra8 72. Kd6 Ra6+ 73. Ke7 Ra7+ 74. Bd7 Ra5 75. Rf3 Ra7 76. Rf5+ Kg6 77. Rd5 Kg7 78. Ke6 Ra1 79. Kf5 Ra6 80. Be6 1-0

[Event "Western Asian Girls Chess-ch 2023"]
[Site "Colombo"]
[Date "2023.12.04"]
[Round "8.3"]
[White "Gunawardhana, Devindya Oshini"]
[Black "Sanudula, K M Dahamdi"]
[Result "1-0"]
[ECO "B13"]
[WhiteElo "1741"]
[BlackElo "1709"]
[Annotator "NA RC"]
[PlyCount "119"]
[EventDate "2023.11.30"]
[EventCountry "SRI"]
[SourceTitle "playchess.com"]
[Source "ChessBase"]
[SourceQuality "1"]
[TimeControl "5400+30"]

1. e4 c6 2. d4 d5 3. exd5 cxd5 4. c4 Nf6 5. Nc3 Nc6 6. Bg5 Be6 7. Be2 g6 8. a3 Na5 9. Bxf6 exf6 10. c5 Bh6 11. Nf3 O-O 12. O-O Bf4 13. b4 Nc6 14. Qb3 Qd7 15. Rad1 g5 16. Ne1 Rfe8 17. g3 Bc7 18. Ng2 f5 19. f4 gxf4 20. Nxf4 Bxf4 21. Rxf4 Red8 22. Bb5 Qe7 23. Bxc6 bxc6 24. Qc2 Qb7 25. Rb1 Kh8 26. Qe2 Qc7 27. b5 Rg8 28. Qe3 Rg4 29. b6 Qb7 30. Qe5+ Rg7 31. Rb3 a6 32. Rb1 Re8 33. Qe2 Rg6 34. Qf3 Kg8 35. Re1 Kf8 36. Rh4 Rg7 37. Qf4 Qb8 38. Qxb8 Rxb8 39. Ne2 Re8 40. Nf4 Bc8 41. Rxe8+ Kxe8 42. Rh6 Bb7 43. Kf2 Ke7 44. Rh4 f6 45. Ne2 Bc8 46. Nc1 Kf7 47. Rh6 Ke6 48. Ke3 Re7 49. Kf3 Rg7 50. Nb3 Re7 51. Na5 Bb7 52. Kf4 Rg7 53. h3 Rf7 54. Rh5 Rg7 55. Rxf5 Re7 56. Rh5 Rg7 57. g4 Rf7 58. Rh6 Ba8 59. g5 Bb7 60. Rxf6+ 1-0